 Dungeon Crawl Stone Soup version 0.29-a0-838-g385bb11a5b (webtiles) character file.

Game seed: 3005112776183692919

54962 purpskrrrp the Marksvine stalker (level 14, -3/59 HPs)
             Began as a Vine Stalker Enchanter on July 13, 2022.
             Was the Champion of Nemelex Xobeh.
             Slain by a death yak simulacrum (26 damage)
             ... on level 6 of the Lair of Beasts.
             The game lasted 01:27:06 (15570 turns).

purpskrrrp the Marksvine stalker (VSEn)            Turns: 15570, Time: 01:27:15

Health: -3/59      AC: 23    Str: 14    XL:     14   Next: 75%
Magic:  0/18       EV: 19    Int: 17    God:    Nemelex Xobeh [******]
Gold:   954        SH: 12    Dex: 20    Spells: 17/17 levels left

rFire   + + .      SeeInvis .   f - +9 sling of the Chain {freeze, Drain rF+ Will+ Int+3}
rCold   . . .      Faith    .   m - +1 buckler
rNeg    . . .      Spirit   +   K - +0 acid dragon scales
rPois   .          Reflect  +   e - +0 helmet
rElec   .          Harm     .   i - +2 cloak {Stlth+}
rCorr   +          Rampage  ∞   b - +0 pair of gloves
Will    +++..                   a - +3 pair of seven-league boots {Rampage+∞}
Stlth   +++++.....              s - amulet of reflection
HPRegen 0.99/turn               n - +4 ring of protection
MPRegen 0.16/turn               F - +4 ring of evasion

@: hasted, very quick
A: fangs 3, regeneration 1, magic shield, antimagic bite, no potion heal 2, fire
resistance 1, strong-willed 1, shaggy fur 1, strong 1
a: Renounce Religion, Draw Escape, Draw Destruction, Draw Summoning, Triple
Draw, Deal Four, Stack Five


You were on level 6 of the Lair of Beasts.
You worshipped Nemelex Xobeh.
Nemelex Xobeh was exalted by your worship.
You visited 3 branches of the dungeon, and saw 19 of its levels.
You also visited: Ice Cave.

You collected 1050 gold pieces.
You spent 96 gold pieces at shops.

Inventory:

Hand Weapons
 f - the +9 sling of the Chain (weapon) {freeze, Drain rF+ Will+ Int+3}
   (You found it on level 2 of the Dungeon)

   Any ammunition fired from it freezes those it strikes, dealing additional
   cold damage.
   It can also slow down cold-blooded creatures.
   Int:       It affects your intelligence (+3).
   rF:        It protects you from fire.
   Drain:     It drains your maximum health when unequipped.
   Will:      It increases your willpower.
 t - the +7 Throatcutter {drain, coup de grace}
   (You found it on level 3 of the Dungeon)

   A truly terrible weapon, it drains the life of any living foe it strikes.
   It may instantly kill foes which have little health.
 v - a +4 long sword of holy wrath
Missiles
 d - 46 poisoned darts
 I - a throwing net
Armour
 a - the +3 pair of seven-league boots (worn) {Rampage+∞}
   (You found it on level 4 of the Lair of Beasts)

   Its wearer moves as far as possible in that direction when moving towards
   enemies.
 b - a +0 pair of gloves (worn)
 e - a +0 helmet (worn)
 i - a +2 cloak of stealth (worn)
 m - a +1 buckler (worn)
 H - a scarf of resistance
 K - +0 acid dragon scales (worn)
Jewellery
 n - a +4 ring of protection (left hand)
 o - an amulet of the acrobat
 p - a ring of wizardry
 q - a ring of protection from cold
 s - an amulet of reflection (around neck)
 A - a ring of see invisible
 F - a +4 ring of evasion (right hand)
 X - a ring of protection from fire
Wands
 j - a wand of iceblast (5)
 w - a wand of flame (29)
 B - a wand of charming (6)
 Y - a wand of digging (3)
Scrolls
 c - a scroll of fog
 h - a scroll of vulnerability
 u - 7 scrolls of identify
 y - a scroll of teleportation
 M - a scroll of brand weapon
 N - a scroll of silence
 R - 2 scrolls of magic mapping
Potions
 g - 3 potions of ambrosia
 k - 3 potions of brilliance
 l - a potion of berserk rage
 r - 7 potions of curing
 x - 2 potions of mutation
 z - 2 potions of might
 C - a potion of haste
 Q - 2 potions of heal wounds
 U - 2 potions of flight
 V - a potion of lignification


   Skills:
 - Level 1.3 Short Blades
 * Level 19.3 Ranged Weapons
 + Level 7.1 Armour
 + Level 6.1 Dodging
 * Level 8.2 Stealth
 + Level 5.3 Shields
 - Level 2.1 Spellcasting
 - Level 3.0 Hexes


You had 17 spell levels left.
You didn't know any spells.
Your spell library contained the following spells:

 Spells                   Type           Power      Damage    Failure   Level
 Ensorcelled Hibernation  Hex/Ice        12%        N/A       26%         2
 Confusing Touch          Hex            12%        N/A       28%         3
 Tukima's Dance           Hex            12%        N/A       28%         3
 Apportation              Tloc           2%         N/A       32%         1
 Beastly Appendage        Tmut           2%         N/A       32%         1
 Sandblast                Erth           2%         2d4       32%         1
 Summon Small Mammal      Summ           4%         N/A       32%         1
 Blink                    Tloc           2%         N/A       45%         2
 Passwall                 Tmut/Erth      0%         N/A       45%         2
 Scorch                   Fire           2%         2d5       45%         2
 Wereblood                Tmut           1%         N/A       45%         2
 Dazzling Flash           Conj/Hex       12%        N/A       47%         3
 Inner Flame              Hex/Fire       6%         N/A       47%         3
 Summon Guardian Golem    Hex/Summ       6%         N/A       47%         3
 Cause Fear               Hex            6%         N/A       67%         4
 Call Canine Familiar     Summ           1%         N/A       69%         3
 Lesser Beckoning         Tloc           1%         N/A       69%         3
 Ozocubu's Armour         Ice            1%         N/A       69%         3
 Spider Form              Tmut/Pois      1%         N/A       69%         3
 Stone Arrow              Conj/Erth      2%         3d7       69%         3
 Swiftness                Air            1%         N/A       69%         3
 Airstrike                Air            0%         0-2+      97%         4
 Corpse Rot               Necr/Pois/Air  1%         N/A       97%         4
 Dispel Undead            Necr           1%         3d6       97%         4
 Flame Wave               Conj/Fire      1%         2d4       97%         4
 Summon Lightning Spire   Summ/Air       1%         N/A       97%         4
 Metabolic Englaciation   Hex/Ice        3%         N/A       99%         5
 Summon Mana Viper        Hex/Summ       6%         N/A       99%         5
 Yara's Violent Unravell  Hex/Tmut       3%         3d4       99%         5
 Alistair's Intoxication  Tmut/Pois      0%         N/A       100%        5
 Lightning Bolt           Conj/Air       0%         1d11      100%        5
 Manifold Assault         Tloc           1%         N/A       100%        5
 Summon Forest            Summ/Tloc      0%         N/A       100%        5
 Death Channel            Necr           0%         N/A       100%        6
 Simulacrum               Ice/Necr       0%         N/A       100%        6
 Summon Cactus Giant      Summ           0%         N/A       100%        6
 Enfeeble                 Hex            6%         N/A       100%        7
 Ozocubu's Refrigeration  Ice            0%         4d5       100%        7
 Storm Form               Tmut/Air       0%         N/A       100%        7
 Discord                  Hex            6%         N/A       100%        8


Dungeon Overview and Level Annotations

Branches:
Dungeon (12/15)            Temple (0/1) D:6            Lair (6/6) D:9
 Shoals (0/4) Lair:4        Snake (0/4) Lair:4        Slime (0/5) Lair:6
    Orc (1/2) D:11          IceCv (visited)

Altars:
Ashenzari
Makhleb
Nemelex Xobeh
Okawaru
Qazlal
Ru
Trog
Uskayaw
Wu Jian
Xom
Zin
Jiyva

Shops:
D:1 [   D:3 *   D:4 **   D:5 (   D:8 !   D:10 ?

Annotations:
D:9 1 runed translucent door, SkeletonJelly's ghost, novice TrGl
Lair:4 3 runed translucent doors, Ablaaz's ghost, journeyman MfGl
Lair:6 1 runed translucent door


Innate Abilities, Weirdness & Mutations

You have razor-sharp teeth.
Your natural rate of healing is unusually fast.
When hurt, damage is shared between your health and your magic reserves.
Your bite disrupts and absorbs the magic of your enemies.
Potions cannot restore your health.
Your flesh is heat resistant. (rF+)
You are strong-willed. (Will+)
You are covered in fur. (AC +1)
Your muscles are strong. (Str +4, Int/Dex -1)


Message History

The death yak closely misses you.
Fire: f) +9 sling of the Chain {freeze, Drain rF+ Will+ Int+3}
Press: ? - help, Shift-Dir - straight line, f/p - death yak
Aim: a death yak (almost dead, 86% to hit)
You shoot a sling bullet. The sling bullet hits the death yak.
The sling bullet freezes the death yak.
The death yak is almost dead.
Fire: f) +9 sling of the Chain {freeze, Drain rF+ Will+ Int+3}
Press: ? - help, Shift-Dir - straight line, f/p - death yak
Aim: a death yak (almost dead, 86% to hit)
You shoot a sling bullet. The sling bullet hits the death yak!
The sling bullet freezes the death yak.
You kill the death yak!
Fire: f) +9 sling of the Chain {freeze, Drain rF+ Will+ Int+3}
Press: ? - help, Shift-Dir - straight line, f - death yak simulacrum
Aim: a death yak simulacrum (lightly damaged, 98% to hit)
You shoot a sling bullet.
The sling bullet hits the death yak simulacrum.
The death yak simulacrum is moderately damaged.
Fire: f) +9 sling of the Chain {freeze, Drain rF+ Will+ Int+3}
Press: ? - help, Shift-Dir - straight line, f/p - death yak simulacrum
Aim: a death yak simulacrum (moderately damaged, 98% to hit)
You shoot a sling bullet.
The sling bullet hits the death yak simulacrum!
The death yak simulacrum is heavily damaged.
Fire: f) +9 sling of the Chain {freeze, Drain rF+ Will+ Int+3}
Press: ? - help, Shift-Dir - straight line, f/p - death yak simulacrum
Aim: a death yak simulacrum (heavily damaged, 98% to hit)
You shoot a sling bullet.
The sling bullet hits the death yak simulacrum!
The death yak simulacrum is severely damaged.
Fire: f) +9 sling of the Chain {freeze, Drain rF+ Will+ Int+3}
Press: ? - help, Shift-Dir - straight line, f/p - death yak simulacrum
Aim: a death yak simulacrum (severely damaged, 98% to hit)
You shoot a sling bullet.
The sling bullet hits the death yak simulacrum!
The death yak simulacrum is almost destroyed.
The death yak simulacrum gores you. The death yak simulacrum freezes you!!
You die...
Your body glows with a rainbow of weird colours and disappears.

*,,*,**,** **,,,,,,,,****
**,,,,,,,,,,*,* *,,,,,*,**,,,,**
***************++#++##****,,,*
8...8#*≈≈,**8,,,,#..8# **,**
}?...+≈≈≈,,+,,,,,#...# **+**
?[...+≈≈≈≈,*8,####.#)# **,**
8.Yp8#≈≈≈≈,####.@Z.#'#********
#####*,≈≈≈≈#....####..,,,8****
#8P8##*,≈###.#### *...,,,*
8P⌠.8#####P..###♣♣#*....,8* ###
...........###...P♣######**##.##
#'''########♣P..#...♣♣###♣##..P#
..............##.#...........###
.....##.....#######...#....###
....###.#.### ##########


You could see a death yak simulacrum.

Vanquished Creatures
  Rupert (Lair:5)
  The ghost of MisterPants the Severer, a journeyman MiGl of Gozag (Lair:6)
  The ghost of Oguogoni the Thaumaturge, a journeyman DjCj of Makhleb (Lair:6)
  A dire elephant (Lair:6)
  3 boulder beetles
  2 hydras
  An anaconda (Lair:6)
  3 two-headed ogres
  3 death yaks (Lair:6)
  A spectral death yak (Lair:6)
  Sonja (Lair:5)
  A lindwurm (Lair:2)
  3 necromancers (Lair:6)
  An orc sorcerer (Orc:1)
  14 elephants
  A manticore (D:11)
  8 black mambas
  2 ice statues (IceCv)
  A dire elephant zombie (Lair:6)
  A guardian serpent (Lair:4)
  10 cane toads
  3 gargoyles
  Psyche (D:8)
  10 komodo dragons
  Maggie (D:7)
  An unseen horror (D:10)
  2 rime drakes (Lair:3)
  An ice devil (IceCv)
  5 trolls
  2 polar bears
  25 blink frogs
  A slime creature (D:12)
  A spectral elephant (Lair:6)
  2 shadows
  A spriggan (Lair:6)
  A wraith (D:9)
  6 wyverns
  44 yaks
  3 basilisks
  Grum (D:8)
  A steam dragon (D:8)
  A vampire mosquito (D:8)
  Edmund (D:5)
  4 acid dragons
  13 water moccasins
  2 ice beasts
  2 sky beasts (D:7)
  5 orc warriors
  3 black bears
  An elephant zombie (Lair:6)
  2 ogres
  19 wolves
  8 centaurs
  3 kobold brigands
  9 bullfrogs
  A necrophage (D:7)
  A gnoll sergeant (D:8)
  A two-headed ogre simulacrum (IceCv)
  2 cane toad simulacra (Lair:6)
  3 scorpions
  9 wights
  15 killer bees
  2 elephant simulacra
  7 howler monkeys
  A crimson imp (D:4)
  3 hounds
  A gnoll bouda (D:8)
  A jelly (D:8)
  3 iguanas
  4 orc priests
  13 orc wizards
  A troll simulacrum (IceCv)
  A spriggan simulacrum (IceCv)
  11 adders
  6 gnolls
  A naga simulacrum (IceCv)
  2 shadow imps (D:6)
  11 white imps
  An ufetubus (D:6)
  2 worms (D:2)
  2 dart slugs (D:2)
  42 orcs
  8 endoplasms
  3 giant cockroaches (D:1)
  4 hobgoblins
  4 jackals (D:1)
  A quokka (D:2)
  6 ball pythons
  9 bats
  3 frilled lizards
  13 goblins
  10 kobolds
  3 rats
456 creatures vanquished.

Vanquished Creatures (collateral kills)
  Nergalle (Orc:1)
  A yak (Lair:5)
  2 white imps (Lair:6)
4 creatures vanquished.

Vanquished Creatures (others)
  9 fungi
  48 plants
  17 withered plants (Lair:6)
74 creatures vanquished.

Grand Total: 534 creatures vanquished

Notes
Turn   | Place    | Note
-------+----------+-------------------------------------------
     0 | D:1      | purpskrrrp the Vine Stalker Enchanter began the quest for
                  | the Orb.
     0 | D:1      | Reached XP level 1. HP: 9/9 MP: 4/4
    89 | D:1      | Reached XP level 2. HP: 13/13 MP: 6/6
   227 | D:1      | Reached skill level 1 in Short Blades
   385 | D:1      | Found Iharihaes's Antique Armour Emporium.
   582 | D:1      | Reached skill level 5 in Stealth
   582 | D:1      | Reached XP level 3. HP: 8/16 MP: 2/7
   765 | D:1      | Found a faded altar of an unknown god.
   780 | D:1      | Prayed at the altar of an unknown god.
   780 | D:1      | Became a worshipper of Nemelex Xobeh the Trickster
   780 | D:1      | Reached * piety under Nemelex Xobeh
   780 | D:1      | Received a gift from Nemelex Xobeh
  1124 | D:2      | Identified the +9 sling of the Chain {freeze, Drain rF+
                  | Will+ Int+3}
  1179 | D:2      | Found an iron altar of Okawaru.
  1194 | D:2      | Received a gift from Nemelex Xobeh
  1205 | D:2      | Gained mutation: Your natural rate of healing is unusually
                  | fast. [Vine Stalker growth]
  1205 | D:2      | Reached XP level 4. HP: 21/21 MP: 8/8
  1241 | D:2      | Noticed a black bear
  1243 | D:2      | Killed a black bear
  1244 | D:2      | Reached skill level 1 in Ranged Weapons
  1244 | D:2      | Reached XP level 5. HP: 24/24 MP: 9/9
  1353 | D:2      | Noticed an ogre
  1354 | D:2      | Noticed a phantom
  1693 | D:2      | Reached ** piety under Nemelex Xobeh
  2020 | D:3      | Found Zin's Purification Station.
  2025 | D:3      | Found a glowing silver altar of Zin.
  2051 | D:3      | Reached skill level 2 in Ranged Weapons
  2446 | D:3      | Reached XP level 6. HP: 28/28 MP: 10/10
  2531 | D:3      | Found the +7 Throatcutter {drain, coup de grace}
  2581 | D:4      | Reached skill level 3 in Ranged Weapons
  2753 | D:4      | Found Pianugye's General Store.
  2757 | D:4      | Found Vaffew's Specific Store.
  2765 | D:4      | Bought a potion of mutation for 96 gold pieces
  2766 | D:4      | Gained mutation: You occasionally lose the ability to drink
                  | potions when taking damage. [potion of mutation]
  2830 | D:4      | Found a shimmering altar of Xom.
  2832 | D:4      | Reached skill level 4 in Ranged Weapons
  2832 | D:4      | Found a burning altar of Makhleb.
  3129 | D:5      | Entered Level 5 of the Dungeon
  3190 | D:5      | Reached XP level 7. HP: 32/32 MP: 8/11
  3232 | D:5      | Reached skill level 5 in Ranged Weapons
  3261 | D:5      | Noticed Edmund
  3267 | D:5      | Killed Edmund
  3285 | D:5      | Reached *** piety under Nemelex Xobeh
  3332 | D:5      | Found Moacvig's Weapon Shoppe.
  3370 | D:5      | Received a gift from Nemelex Xobeh
  3403 | D:5      | Reached skill level 1 in Armour
  3406 | D:5      | Reached skill level 6 in Ranged Weapons
  3452 | D:5      | Gained mutation: You have razor-sharp teeth. [Vine Stalker
                  | growth]
  3452 | D:5      | Reached XP level 8. HP: 36/36 MP: 12/12
  3725 | D:6      | Identified the +3 short sword of the Hawk {venom, Dex+6
                  | Stlth+}
  3854 | D:6      | Reached skill level 7 in Ranged Weapons
  3866 | D:6      | Found a staircase to the Ecumenical Temple.
  4071 | D:6      | Received a gift from Nemelex Xobeh
  4730 | D:7      | Found an iron altar of Okawaru.
  4737 | D:7      | Reached skill level 8 in Ranged Weapons
  4766 | D:7      | Reached XP level 9. HP: 39/39 MP: 13/13
  4781 | D:7      | Found a stormy altar of Qazlal.
  4784 | D:7      | Received a gift from Nemelex Xobeh
  4795 | D:7      | Reached skill level 9 in Ranged Weapons
  4899 | D:7      | Reached **** piety under Nemelex Xobeh
  5042 | D:7      | Noticed Maggie
  5059 | D:7      | Killed Maggie
  5060 | D:7      | Reached skill level 10 in Ranged Weapons
  5448 | D:8      | Received a gift from Nemelex Xobeh
  5454 | D:8      | You fall into a shaft and drop 3 floors!
  5461 | D:11     | Noticed a komodo dragon
  5462 | D:11     | Identified the +4 scale mail "Tahesiw" {Harm}
  5466 | D:11     | Found a staircase to the Orcish Mines.
  5530 | D:10     | Entered Level 10 of the Dungeon
  5662 | D:10     | Noticed a troll
  5666 | D:10     | Killed a troll
  5667 | D:10     | Reached skill level 11 in Ranged Weapons
  5711 | D:10     | Reached XP level 10. HP: 36/44 MP: 9/14
  5732 | D:10     | Reached skill level 12 in Ranged Weapons
  5834 | D:10     | Killed an unseen horror
  5914 | D:10     | Found Zetwet's Magic Scroll Boutique.
  6007 | D:10     | Found a bloodstained altar of Trog.
  6009 | D:10     | Found a sacrificial altar of Ru.
  6010 | D:10     | Found a broken altar of Ashenzari.
  6031 | D:9      | Noticed an elephant
  6031 | D:9      | Found a staircase to the Lair.
  6058 | D:10     | Killed an elephant
  6096 | D:9      | Reached skill level 13 in Ranged Weapons
  6218 | D:9      | Noticed a boulder beetle
  6345 | D:9      | Received a gift from Nemelex Xobeh
  6368 | D:9      | Reached skill level 1 in Shields
  6368 | D:9      | Reached XP level 11. HP: 47/47 MP: 15/15
  6377 | D:9      | Reached ***** piety under Nemelex Xobeh
  6435 | D:9      | Found a runed translucent door.
  6435 | D:9      | Noticed SkeletonJelly's ghost (novice TrGl)
  6511 | D:8      | Noticed Grum
  6522 | D:8      | Killed Grum
  6622 | D:8      | Reached skill level 14 in Ranged Weapons
  6746 | D:8      | Noticed a two-headed ogre
  6768 | D:8      | Killed a two-headed ogre
  6991 | D:8      | Noticed a +0 dagger
  6992 | D:8      | Noticed a +0 hand axe
  6994 | D:8      | Found a hide-covered altar of Uskayaw.
  6998 | D:8      | Lost mutation: You occasionally lose the ability to drink
                  | potions when taking damage. [potion of mutation]
  6998 | D:8      | Gained mutation: You are covered in fur. (AC +1) [potion of
                  | mutation]
  6998 | D:8      | Gained mutation: Your flesh is heat resistant. (rF+)
                  | [potion of mutation]
  6998 | D:8      | Gained mutation: Your muscles are strong. (Str +4, Int/Dex
                  | -1) [potion of mutation]
  6998 | D:8      | Gained mutation: You are strong-willed. (Will+) [potion of
                  | mutation]
  7000 | D:8      | Received a gift from Nemelex Xobeh
  7116 | D:8      | Found Amaeggirph's Distillery.
  7264 | D:8      | Noticed Psyche
  7270 | D:8      | Killed Psyche
  7835 | D:10     | Killed a boulder beetle
  7961 | D:11     | Noticed a two-headed ogre
  7969 | D:11     | Killed a two-headed ogre
  7970 | D:11     | Reached skill level 15 in Ranged Weapons
  7988 | D:11     | Received a gift from Nemelex Xobeh
  8060 | D:11     | Noticed a manticore
  8070 | D:11     | Killed a manticore
  8199 | D:11     | Reached XP level 12. HP: 48/51 MP: 14/16
  8341 | D:11     | Noticed a two-headed ogre
  8346 | D:11     | Killed a two-headed ogre
  8686 | D:12     | Identified the +1 chain mail "Osad" {Int+4}
  8893 | Orc:1    | Entered Level 1 of the Orcish Mines
  8992 | Orc:1    | Noticed Nergalle
  9007 | Orc:1    | Noticed a soul eater
  9014 | Orc:1    | Killed Nergalle
  9105 | Lair:1   | Entered Level 1 of the Lair of Beasts
  9105 | Lair:1   | Received a gift from Nemelex Xobeh
  9219 | Lair:1   | Reached skill level 16 in Ranged Weapons
  9432 | Lair:1   | Reached skill level 5 in Armour
  9635 | Lair:1   | Received a gift from Nemelex Xobeh
 10283 | Lair:2   | Reached XP level 13. HP: 55/55 MP: 14/17
 10314 | Lair:2   | Reached ****** piety under Nemelex Xobeh
 10423 | Lair:2   | Received a gift from Nemelex Xobeh
 10924 | Lair:3   | Reached skill level 17 in Ranged Weapons
 11116 | Lair:3   | Reached skill level 5 in Dodging
 11277 | Lair:3   | Received a gift from Nemelex Xobeh
 11741 | Lair:4   | Found a staircase to the Shoals.
 11909 | Lair:4   | Found a runed translucent gate.
 11909 | Lair:4   | Found a runed translucent gate.
 11910 | Lair:4   | Found a runed translucent gate.
 11948 | Lair:4   | Received a gift from Nemelex Xobeh
 11954 | Lair:4   | Found a shimmering altar of Xom.
 11977 | Lair:4   | Found a staircase to the Snake Pit.
 12256 | Lair:4   | Noticed Ablaaz's ghost (journeyman MfGl)
 12512 | Lair:4   | Found the +3 pair of seven-league boots {Rampage+∞}
 12793 | Lair:5   | Reached skill level 18 in Ranged Weapons
 12811 | Lair:5   | Found an ornate altar of the Wu Jian Council.
 12811 | Lair:5   | Found a hide-covered altar of Uskayaw.
 13035 | Lair:5   | Reached XP level 14. HP: 59/59 MP: 15/18
 13058 | Lair:5   | Received a gift from Nemelex Xobeh
 13307 | Lair:5   | Noticed Sonja
 13314 | Lair:5   | Killed Sonja
 13348 | Lair:5   | Noticed Rupert
 13370 | Lair:5   | Killed Rupert
 13371 | Lair:5   | Received a gift from Nemelex Xobeh
 13835 | Lair:6   | Entered Level 6 of the Lair of Beasts
 13873 | Lair:6   | Found a frozen archway.
 13922 | IceCv    | Entered an ice cave
 14559 | Lair:6   | Received a gift from Nemelex Xobeh
 14632 | Lair:6   | Found a runed translucent door.
 14635 | Lair:6   | Found a viscous altar of Jiyva.
 14636 | Lair:6   | Found a staircase to the Slime Pits.
 14636 | Lair:6   | Noticed an acid blob
 14637 | Lair:6   | Noticed an acid blob
 14714 | Lair:6   | Noticed a dire elephant
 14833 | Lair:6   | Found a runed translucent gate.
 14833 | Lair:6   | Found a runed translucent gate.
 14833 | Lair:6   | Found a runed translucent gate.
 14834 | Lair:6   | Noticed Oguogoni's ghost (journeyman DjCj)
 14835 | Lair:6   | Noticed MisterPants's ghost (journeyman MiGl)
 14871 | Lair:6   | Killed MisterPants's ghost
 14874 | Lair:6   | Killed Oguogoni's ghost
 14875 | Lair:6   | Reached skill level 19 in Ranged Weapons
 15084 | Lair:6   | Noticed a dire elephant
 15109 | Lair:6   | Killed a dire elephant
 15313 | Lair:6   | Reached skill level 5 in Shields
 15570 | Lair:6   | Slain by a death yak simulacrum

Illustrated notes

Levels and vault maps discovered:
D:1:      minmay_arrival_semitransparent, layout_loops_ring, serial_shops,
          shop_statue, ebering_ecumenical_altar_ruins, hex_large
D:2:      kennysheep_big_flooded_room, layout_basic, basic_altar,
          serial_bayou_lagoon_a, lightli_corner_chamber
D:3:      layout_basic, zin_purify
D:4:      layout_gridville, grunt_temple_overflow_champion_of_chaos,
          serial_bayou_pond_a, st_stairs_7, grunt_ministairs_9,
          nicolae_specific_store
D:5:      layout_rooms, serial_shops, nicolae_take_the_stairs, uniq_edmund
D:6:      layout_cave_pods, minmay_temple_entry_crystal_x
D:7:      layout_cave_pods, nicolae_qazlal_style_of_elements, okawaru_trees_1,
          uniq_maggie
D:8:      nzn_winding_woodlands_three_and_one
          [nzn_winding_woodlands_5x15_sawtooth,
          nzn_winding_woodlands_5x15_parted, nzn_winding_woodlands_5x15_cabin,
          nzn_winding_woodlands_center_lodge], layout_gridville,
          dancing_weapons_uskayaw, serial_shops, nicolae_shop_hallway_plus,
          enter_bailey_3, uniq_grum, uniq_psyche
D:9:      layout_cave_pools, david_lair_generic, hellmonk_ghost_happy_afterlife
D:10:     layout_roguey, gammafunk_temple_overflow_forgotten, serial_shops,
          nicolae_shop_competitors_out_of_business
D:11:     layout_gridville, orc_0_dummy, kennysheep_generic_room_8
D:12:     layout_long_grid, serial_shops, nicolae_stop_n_shop_2,
          gammafunk_ghost_nasty_kobolds, nicolae_concentric_dashed_squares_mild
Lair:1:   layout_regular_city
Lair:2:   layout_loops_ring
Lair:3:   layout_chaotic_city, grunt_megastairs_2, serial_bayou_shore_b
Lair:4:   layout_gridlike, minmay_shoals_entry_centaurs, dummy_snake_entry,
          gammafunk_ghost_icy, serial_bayou, serial_bayou_pond_c,
          serial_bayou_pond_e, serial_bayou_pond_a, serial_bayou_shore_a,
          basic_altar, hellmonk_guarded_unrand_seven_league_boots,
          lemuel_fruit_tree
Lair:5:   layout_small_grid, nzn_masters_of_martial_movement, uniq_rupert,
          uniq_sonja
Lair:6:   due_jungle_book, layout_misc_corridors, slime_entry_2,
          gammafunk_ghost_cemetery, portal_ice_cave_entry_imps,
          grunt_forest_large_clearing_hut
Orc:1:    layout_diamond_mine, uniq_nergalle

Skill      XL: |  1  2  3  4  5  6  7  8  9 10 11 12 13 14 |
---------------+-------------------------------------------+-----
Stealth        | 4 5 6 7 8 |  8.2
Short Blades   | 1 |  1.3
Ranged Weapons | 1 2 4 6 8 11 13 15 16 18 19 | 19.3
Armour         | 1 2 3 5 6 7 |  7.1
Dodging        | 2 4 5 6 |  6.1
Shields        | 1 2 3 4 5 |  5.3
Spellcasting   | |  2.1
Hexes          | |  3.0

Action                   |  1- 3 |  4- 6 |  7- 9 | 10-12 | 13-15 || total
-------------------------+-------+-------+-------+-------+-------++-------
Melee: Dagger            |    80 |       |       |       |       ||    80
       Bite              |    14 |       |       |       |       ||    14
 Fire: Sling             |     6 |   102 |   220 |   744 |  1026 ||  2098
Invok: Draw Summoning    |     1 |       |       |     2 |     7 ||    10
       Draw Destruction  |       |       |       |       |    13 ||    13
       Draw Escape       |       |       |       |       |     3 ||     3
  Use: Scroll            |     1 |     2 |    16 |     8 |    12 ||    39
       Potion            |       |     1 |       |     3 |     2 ||     6
 Stab: Sleeping          |     6 |       |       |       |       ||     6
Armor: Robe              |    18 |     1 |       |       |       ||    19
       Ring mail         |       |    23 |    17 |       |       ||    40
       Steam dragon scal |       |       |     8 |    28 |       ||    36
       Acid dragon scale |       |       |       |    52 |   187 ||   239
Dodge: Dodged            |    50 |     8 |    44 |   236 |   405 ||   743
Block: Buckler           |       |     5 |     7 |    79 |   238 ||   329

Table legend: (Time is in decaauts)
 A = Elapsed time spent in this place.
 B = Non-inter-level travel time spent in this place.
 C = Inter-level travel time spent in this place.
 D = Time resting spent in this place.
 E = Time spent auto-exploring this place.
 F = Levels seen in this place.
 G = Mean time per level.
                   A        B        C        D        E       F      G
               +--------+--------+--------+--------+--------+-----+--------+
         Total |  15289 |  14516 |    773 |    605 |  10106 |  20 |  764.5 |
       Dungeon |   8964 |   8375 |    589 |    302 |   5980 |  12 |  747.0 |
          Lair |   6013 |   5835 |    178 |    249 |   4117 |   6 | 1002.2 |
  Orcish Mines |    111 |    105 |      6 |     22 |      0 |   1 |  111.0 |
      Ice Cave |    200 |    200 |      0 |     32 |      9 |   1 |  200.0 |
               +--------+--------+--------+--------+--------+-----+--------+

Top non-repeatable levels by time:
  Lair:6: 1363 daAuts
  Lair:4: 1096 daAuts
  Lair:5: 1088 daAuts
     D:8: 1012 daAuts
     D:2: 1008 daAuts
     D:1: 1002 daAuts
    D:11: 975 daAuts
  Lair:2: 937 daAuts
     D:6: 932 daAuts
     D:7: 885 daAuts
    D:10: 873 daAuts
  Lair:3: 778 daAuts
  Lair:1: 747 daAuts
     D:3: 584 daAuts
     D:4: 573 daAuts
